 Dungeon Crawl Stone Soup version 0.21.1-1-g345015f (webtiles) character file.

283 batai666 the Digger (level 6, -6/32 HPs)
             Began as a Gargoyle Earth Elementalist on Feb 10, 2018.
             Mangled by an ice beast (13 damage)
             ... on level 5 of the Dungeon on Feb 11, 2018.
             The game lasted 01:06:07 (3564 turns).

batai666 the Digger (Gargoyle Earth Elementalist)   Turns: 3564, Time: 01:06:07

Health: -6/32      AC:  6    Str: 11    XL:     6   Next: 28%
Magic:  4/11       EV: 12    Int: 18    God:
Gold:   130        SH:  0    Dex: 10    Spells: 8/12 levels left

rFire    . . .     SeeInvis .   l - +0 short sword
rCold    . . .     Gourm    .   (no shield)
rNeg     + . .     Faith    .   c - +0 robe
rPois    ∞         Spirit   .   (no helmet)
rElec    +         Reflect  .   (no cloak)
rCorr    .         Harm     .   (no gloves)
MR       .....                  (no boots)
Stlth    ++........             (no amulet)
HPRegen  0.10/turn              (no ring)
MPRegen  0.12/turn              (no ring)

@: no status effects
A: negative energy resistance 1, electricity resistance, unbreathing,
petrification resistance, rot immunity, AC +4
a: no special abilities


You were on level 5 of the Dungeon.
You were not hungry.

You visited 1 branch of the dungeon, and saw 5 of its levels.

You collected 130 gold pieces.

Inventory:

Hand Weapons
 i - a +0 dagger
 j - a +0 hand axe
 l - a +0 short sword (weapon)
 n - a +2 dagger of electrocution
 q - a +0 hunting sling
 r - a +0 short sword
 v - a +2 mace of protection
Missiles
 b - 48 stones (quivered)
Armour
 c - a +0 robe (worn)
 g - a +0 leather armour
 x - a +0 cloak
Wands
 w - a wand of flame (24)
Scrolls
 h - a scroll of remove curse {unknown}
 m - a scroll of teleportation {unknown}
 o - a scroll of enchant weapon {unknown}
 y - a scroll of amnesia {unknown}
Potions
 a - a potion of curing {unknown}
 f - 2 potions of mutation {unknown}
 k - 4 potions of brilliance {unknown}
 p - a potion of berserk rage {unknown}
 s - 2 potions of degeneration {unknown}
 u - a potion of lignification {unknown}
 z - a potion of flight {unknown}
Books
 e - a book of Geomancy

   Spells                             Type                      Level
   a - Sandblast                      Earth                        1
   b - Passwall                       Transmutation/Earth          2
   c - Stone Arrow                    Conjuration/Earth            3
   d - Petrify                        Transmutation/Earth          4
   e - Lee's Rapid Deconstruction     Earth                        5
Comestibles
 d - 2 rations
 t - 2 chunks of flesh


   Skills:
 + Level 1.4 Armour
 - Level 1.5 Dodging
 - Level 2.1 Stealth
 + Level 3.7 Spellcasting
 * Level 3.1 Conjurations
   Level 0.7 Transmutations
 + Level 5.6 Earth Magic


You had 8 spell levels left.
You knew the following spells:

 Your Spells              Type           Power        Failure   Level  Hunger
a - Sandblast             Erth           ###...       1%          1    None
b - Stone Arrow           Conj/Erth      ###...       8%          3    ###....


Dungeon Overview and Level Annotations

Branches:
Dungeon (5/15)
 Temple: D:4-7

Altars:
Gozag
Zin


Innate Abilities, Weirdness & Mutations

You are resistant to torment.
Your stone body is resilient. (AC +4)
You are immune to poison.
You resist negative energy. (rN+)
You are resistant to electric shocks. (rElec)
You can survive without breathing.
You are immune to petrification.
You are immune to rotting.


Message History

The stone arrow hits the ice beast.
The ice beast is moderately wounded.
Casting: Stone Arrow
Confirm with . or Enter, or press ? or * to list all spells.
Aiming: Stone Arrow
Press: ? - help, Shift-Dir - straight line, f/p - ice beast
Aim: an ice beast (moderately wounded)
The stone arrow misses the ice beast.
The ice beast hits you. The ice beast freezes you!
You barely miss the ice beast.
The ice beast is moderately wounded.
The ice beast hits you. The ice beast freezes you!
* * * LOW HITPOINT WARNING * * *
The ice beast misses you. The ice beast barely misses you.
The ice beast hits you but does no damage.
The ice beast hits you.
* * * LOW HITPOINT WARNING * * *
The ice beast freezes you!
You die...

#.. .#.###. ..##
.#.#... ..
#.$##########.#.#.#.
#.
#.............#.#.._
#.
#...........##.###.
#####.#+##
#..#####.......#...
......)..#
#........#.....###.
...$.....#
#..###############.
.........#
#Y@.......$........
.........#
#.################.
#####+#'## #.#
..#..... #.####.#
#.#.#### #......# ..
#.#.# ######## ...
#.#.# (... #.#.#
....###.#.#
........#.#


You could see an ice beast.

Vanquished Creatures
  A bullfrog (D:3)
  A scorpion (D:4)
  Natasha (twice) (D:2)
  6 adders
  A worm (D:2)
  A dart slug (D:2)
  2 orcs
  8 bats
  A giant cockroach (D:5)
  7 goblins
  7 hobgoblins
  9 jackals
  A quokka (D:2)
  7 frilled lizards
  2 giant cockroach zombies (D:5)
  9 kobolds
  2 rats (D:1)
  9 fungi (D:1)
76 creatures vanquished.

Notes
Turn   | Place    | Note
-------+----------+-------------------------------------------
     0 | D:1      | batai666 the Gargoyle Earth Elementalist began the quest for the Orb.
     0 | D:1      | Reached XP level 1. HP: 10/10 MP: 3/3
   133 | D:1      | Reached XP level 2. HP: 8/15 MP: 0/5
   170 | D:1      | Reached skill level 4 in Earth Magic
   757 | D:1      | Reached XP level 3. HP: 19/19 MP: 4/6
   994 | D:1      | Learned a level 3 spell: Stone Arrow
  1501 | D:2      | Reached XP level 4. HP: 8/24 MP: 4/8
  2315 | D:2      | Noticed Natasha
  2328 | D:2      | Killed Natasha
  2328 | D:2      | Reached skill level 1 in Conjurations
  2328 | D:2      | Reached skill level 5 in Earth Magic
  2500 | D:2      | Noticed Natasha
  2511 | D:2      | Killed Natasha
  2511 | D:2      | Reached XP level 5. HP: 8/28 MP: 5/10
  3183 | D:4      | Reached skill level 1 in Armour
  3183 | D:4      | Reached XP level 6. HP: 32/32 MP: 4/11
  3380 | D:5      | Entered Level 5 of the Dungeon
  3380 | D:5      | Found a glowing silver altar of Zin.
  3427 | D:5      | Found an opulent altar of Gozag.
  3545 | D:5      | Noticed an ice beast
  3564 | D:5      | Mangled by an ice beast

Skill      XL: |  1  2  3  4  5  6 |
---------------+-------------------+-----
Earth Magic    | 4 5 |  5.6
Spellcasting   | 3 |  3.7
Conjurations   | 1 2 3 |  3.1
Armour         | 1 |  1.4
Dodging        | |  1.5
Stealth        | |  2.1
Transmutations | |  0.7

Action                   |  1- 3 |  4- 6 || total
-------------------------+-------+-------++-------
Melee: Dagger            |    47 |    27 ||    74
       Unarmed           |     3 |       ||     3
       Hand axe          |     1 |   156 ||   157
       Short sword       |       |    56 ||    56
 Cast: Sandblast         |    39 |     5 ||    44
       Stone Arrow       |     5 |    19 ||    24
  Use: Scroll            |       |     1 ||     1
 Stab: Distracted        |     1 |       ||     1
       Sleeping          |     2 |     1 ||     3
  Eat: Chunk             |     2 |     3 ||     5
       Ration            |       |     2 ||     2
Armor: Robe              |    47 |    42 ||    89
       Leather armour    |    31 |       ||    31
Dodge: Dodged            |   134 |    94 ||   228
